 Dungeon Crawl Stone Soup version 0.29-a0-541-gaf1fc19f1b (console) character file.

Game seed: 478198450958431529

104 om the Caller (level 4, 0/30 HPs)
             Began as a Mummy Summoner on June 2, 2022.
             Killed from afar by an orc wizard (5 damage)
             ... with a magic dart
             ... on level 3 of the Dungeon.
             The game lasted 00:06:10 (2812 turns).

om the Caller (Mummy Summoner)                      Turns: 2812, Time: 00:06:10

Health: 0/30       AC:  2    Str: 11    XL:     4   Next: 52%
Magic:  9/9        EV: 12    Int: 16    God:
Gold:   164        SH:  0    Dex: 12    Spells: 7/10 levels left

rFire   x . .      SeeInvis .   j - +0 dagger (elec)
rCold   + . .      Faith    .   (no shield)
rNeg    + + +      Spirit   .   a - +0 robe
rPois   ∞          Reflect  .   (no helmet)
rElec   .          Harm     .   (no cloak)
rCorr   .          Rampage  .   (no gloves)
Will    .....                   (no boots)
Stlth   +.........              e - amulet of magic regeneration
HPRegen 0.10/turn               (no ring)
MPRegen 0.51/turn               (no ring)

@: confused
A: cold resistance 1, negative energy resistance 3, torment resistance 2, heat
vulnerability 1, in touch with death 1, no potions
a: no special abilities


You were on level 3 of the Dungeon.
You visited 1 branch of the dungeon, and saw 3 of its levels.

You collected 164 gold pieces.

Inventory:

Hand Weapons
 j - a +0 dagger of electrocution (weapon)
Missiles
 b - 3 poisoned darts
Armour
 a - a +0 robe (worn)
Jewellery
 e - an amulet of magic regeneration (around neck)
 h - a +6 ring of intelligence
Scrolls
 c - 2 scrolls of enchant armour
 d - 5 scrolls of noise
 f - a scroll of poison {unknown}
 g - a scroll of teleportation
 i - a scroll of acquirement
 k - a scroll of immolation


   Skills:
 + Level 2.2 Dodging
 + Level 2.4 Stealth
 + Level 3.7 Spellcasting
 + Level 3.9 Summonings


You had 7 spell levels left.
You knew the following spells:

 Your Spells              Type           Power      Damage    Failure   Level
a - Summon Small Mammal   Summ           60%        N/A       3%          1
b - Call Imp              Summ           15%        N/A       5%          2

Your spell library contained the following spells:

 Spells                   Type           Power      Damage    Failure   Level
 Call Canine Familiar     Summ           15%        N/A       11%         3
 Summon Guardian Golem    Hex/Summ       9%         N/A       24%         3
 Portal Projectile        Hex/Tloc       6%         N/A       45%         3
 Summon Lightning Spire   Summ/Air       9%         N/A       61%         4
 Fulminant Prism          Conj/Hex       1%         3d6       86%         4
 Leda's Liquefaction      Hex/Erth       1%         N/A       86%         4
 Passage of Golubria      Tloc           3%         N/A       86%         4


Dungeon Overview and Level Annotations

Branches:
Dungeon (3/15)

Altars:


Innate Abilities, Weirdness & Mutations

You are immune to poison.
Your flesh is cold resistant. (rC+)
You are immune to negative energy. (rN+++)
You are immune to unholy pain and torment.
You are vulnerable to heat. (rF-)
You are in touch with the powers of death.
You do not drink.


Message History

A beastly little devil appears in a puff of flame.
The orc priest calls down the wrath of Beogh upon you.
Beogh smites you!
* * * LOW HITPOINT WARNING * * *
You swap places.
Something barely misses your crimson imp.
Your crimson imp closely misses something.
Something hits your crimson imp.
Your crimson imp closely misses something.
Something misses your crimson imp.
Your crimson imp blinks!
You swap places.
Your crimson imp blinks!
Casting: Summon Small Mammal (safe; 3% risk of failure)
Press: ? - help, Q - select action, (/) - cycle Dir - look around, f - activate Something tries to affect you, but you resist.
Found an escape hatch in the floor.
What are your orders? t - Shout!
Orders for allies: a - Attack new target. r - Retreat! s - Stop attacking. g - Guard the area. f - Follow me.
Anything else - Cancel.
Gang up on whom?
Press: ? - help, Dir - move target, f - orc wizard
Aim: an orc wizard, wielding a +0 dagger and wearing a +0 robe Attack!
Your crimson imp blinks!
A kobold comes into view. It is wielding a +0 dagger.
The orc wizard gestures at you while chanting.
You are confused.
You can't drink.
The kobold shouts!
You bump into the rock wall.
The kobold throws a stone.
The stone hits you.
* * * LOW HITPOINT WARNING * * *
You're too confused to move!
Your quokka bites the orc wizard.
The orc wizard casts a spell at you. The magic dart hits you.
You die...

....##
#..##..#o#####.o.o.oo#
##...# #......#.#
#######.# #...#
#........# #.# #...#
#.#.#ro### #.# #...#
#....o.# #.# #...#
#.#...## .o.
##...#######.###.# ..5
...........#.....####...
..o
.......#.....##.@.......
####
...........#.##..####...
##...#######.#.>..#
#...# #.#K..## #...#
#.#..## #...# #.#..
#...# ..... #. <#..


You could see an orc wizard (ally target), an orc, a kobold and a friendly
quokka (summoned).

Vanquished Creatures
  A dart slug (D:1)
  2 orcs (D:3)
  4 ball pythons
  A bat (D:1)
  5 endoplasms
  A giant cockroach (D:1)
  2 goblins
  2 hobgoblins
  2 jackals (D:3)
  3 quokkas
  2 frilled lizards
  4 kobolds
  2 rats (D:2)
31 creatures vanquished.

Vanquished Creatures (collateral kills)
  An orc wizard (D:3)
  2 adders
  2 dart slugs (D:1)
  An orc (D:3)
  2 endoplasms (D:1)
  A giant cockroach (D:1)
  2 goblins
  A hobgoblin (D:2)
  A quokka (D:2)
  3 ball pythons
  A frilled lizard (D:2)
  A kobold (D:1)
  A rat (D:1)
19 creatures vanquished.

Grand Total: 50 creatures vanquished

Notes
Turn   | Place    | Note
-------+----------+-------------------------------------------
     0 | D:1      | om the Mummy Summoner began the quest for the Orb.
     0 | D:1      | Reached XP level 1. HP: 13/13 MP: 4/4
   257 | D:1      | Reached XP level 2. HP: 17/19 MP: 5/5
   479 | D:1      | Learned a level 2 spell: Call Imp
   948 | D:1      | Got the Papyrus of Dislocated Conjuration
   967 | D:1      | Found a faded altar of an unknown god.
  1079 | D:1      | Gained mutation: You are in touch with the powers of death.
                  | [Mummy growth]
  1079 | D:1      | Reached XP level 3. HP: 24/24 MP: 7/7
  1794 | D:2      | Identified a scroll of acquirement
  2205 | D:3      | Reached XP level 4. HP: 20/30 MP: 9/9
  2812 | D:3      | Killed from afar by an orc wizard

Illustrated notes

Levels and vault maps discovered:
D:1:      minmay_arrival_up_and_down, layout_basic,
          nicolae_ecumenical_lake_church
D:2:      layout_basic, minmay_misc_feat_nine_boxes, minmay_misc_feat_roman
D:3:      layout_loops_cross, minmay_misc_feat_plants

Skill      XL: |  1  2  3 |
---------------+----------+-----
Spellcasting   | 3 |  3.7
Stealth        | 2 |  2.4
Dodging        | 2 |  2.2
Summonings     | |  3.9

Action                   |  1- 3 |  4- 6 || total
-------------------------+-------+-------++-------
Melee: Unarmed           |    11 |       ||    11
       Dagger            |    98 |    41 ||   139
       Punch             |     1 |     1 ||     2
Throw: Dart              |     1 |       ||     1
 Cast: Summon Small Mamm |    36 |     3 ||    39
       Call Imp          |     9 |     3 ||    12
  Use: Scroll            |     6 |       ||     6
 Stab: Sleeping          |     3 |       ||     3
       Distracted        |     1 |       ||     1
Armor: Robe              |    18 |     9 ||    27
Dodge: Dodged            |    85 |    25 ||   110

Table legend: (Time is in decaauts)
 A = Elapsed time spent in this place.
 B = Non-inter-level travel time spent in this place.
 C = Inter-level travel time spent in this place.
 D = Time resting spent in this place.
 E = Time spent auto-exploring this place.
 F = Levels seen in this place.
 G = Mean time per level.
                   A        B        C        D        E       F      G
               +--------+--------+--------+--------+--------+-----+--------+
         Total |   2812 |   2685 |    127 |    301 |   1856 |   3 |  937.3 |
       Dungeon |   2812 |   2685 |    127 |    301 |   1856 |   3 |  937.3 |
               +--------+--------+--------+--------+--------+-----+--------+

Top non-repeatable levels by time:
     D:1: 1344 daAuts
     D:3: 738 daAuts
     D:2: 729 daAuts
